 Dungeon Crawl Stone Soup version 0.18-a0-1560-ge216ca8 (webtiles) character file.

825 mrath the Cudgeler (level 7, -8/60 HPs)
             Began as a Minotaur Fighter on Mar 12, 2016.
             Killed by nerve-wracking pain
             ... invoked by Grinder
              (14 damage)
             ... on level 4 of the Dungeon.
             The game lasted 00:25:27 (4921 turns).

mrath the Cudgeler (Minotaur Fighter)               Turns: 4921, Time: 00:25:28

Health: -8/60      AC: 12    Str: 22    XL:     7   Next: 64%
Magic:  7/7        EV: 10    Int:  5    God:
Gold:   243        SH: 10    Dex: 10    Spells: 0 memorised, 6 levels left

rFire  . . .     SeeInvis .     a - +0 flail
rCold  . . .     Gourm    .     b - +0 scale mail
rNeg   . . .     Faith    .     c - +0 shield
rPois  .         Spirit   .     (helmet restricted)
rElec  .         Dismiss  .     (no cloak)
rCorr  .         Reflect  .     (no gloves)
SustAt .         Harm     .     (no boots)
MR     .....                    (no amulet)
Stlth  ..........               B - +1 ring of evasion
                                m - +5 ring of protection

@: not resistant to hostile enchantments, extremely unstealthy
A: retaliatory headbutt, horns 2
a: no special abilities


You were on level 4 of the Dungeon.
You were hungry.

You visited 1 branch of the dungeon, and saw 5 of its levels.
You also visited: Sewer.

You collected 243 gold pieces.

Inventory:

Hand Weapons
 a - a +0 flail (weapon)
 e - a +0 hunting sling
 x - a -1 blowgun
Missiles
 g - 11 sling bullets
 q - 34 poisoned needles
 s - 101 stones
 v - a throwing net
 E - 5 tomahawks (quivered)
Armour
 b - a +0 scale mail (worn)
 c - a +0 shield (worn)
Jewellery
 m - a +5 ring of protection (left hand)
 o - an uncursed ring of wizardry
 B - a +1 ring of evasion (right hand)
Wands
 d - a wand of flame (5/48)
Scrolls
 h - a scroll of recharging {unknown}
 k - a scroll of identify
 p - 2 scrolls of fear
 r - a scroll of amnesia {unknown}
 w - a scroll of remove curse
 y - a scroll of blinking {unknown}
 z - a scroll of torment {unknown}
 A - 2 scrolls of fog {unknown}
 C - a scroll of noise {unknown}
Potions
 l - a potion of agility {unknown}
 n - a potion of haste {unknown}
 t - a potion of ambrosia {unknown}
 u - 7 potions of curing
Comestibles
 f - 4 bread rations
 i - 2 slices of pizza
 j - 3 meat rations
 D - a royal jelly
 F - 7 chunks of flesh


   Skills:
 + Level 4.8 Fighting
 + Level 7.0 Maces & Flails
 + Level 5.1 Armour
 + Level 3.1 Dodging
 + Level 5.1 Shields
 + Level 2.1 Evocations


You had 6 spell levels left.
You didn't know any spells.

Dungeon Overview and Level Annotations

Branches:
Dungeon (5/15)
 Temple: D:4-7

Altars:
Elyvilon
Makhleb
Qazlal
Ru
Trog
Vehumet
The Shining One

Annotations:
D:4 Grinder; Hilldric's ghost, novice HOFi


Innate Abilities, Weirdness & Mutations

You reflexively headbutt those who attack you in melee.
You have a pair of horns on your head.


Message History

Grinder gestures.
Grinder blinks!
Grinder drinks a potion.
Grinder is healed!
Things that are here:
a giant spiked club; a giant newt corpse You butcher the giant newt corpse.
F - 7 chunks of flesh (gained 1)
You see here a giant spiked club.
You see here a giant spiked club.
Grinder gestures.
Grinder blinks!
Grinder gestures.
Grinder blinks!
Grinder gestures at you.
You struggle to resist.
Grinder gestures at you. You resist with significant effort.
Grinder gestures at you. Pain shoots through your body!
You die...

#..##.......'.......#
#..##.......#.......#
#...........##......#
###.#.......##....###
#...###.####....#
##..# #.####....# ####
#..# #.........# ...#
#..######......# ##.##
#.>†.).@...5...# ##..#
############....[#####
.#..# #...>..#
#.........# .#..#
#.####.#####.........#
....###.#
#...............#
.#......#
#.........#.....#
.#.####.#
#.........#.....# ##.#
#.# #.........#.....#
##.# #.#
#.........#.....#


You could see Grinder.

Vanquished Creatures
  2 ogres
  2 giant frogs (Sewer)
  A howler monkey (D:4)
  2 hounds
  An orc wizard (D:4)
  Terence (D:2)
  2 iguanas
  A hound zombie (D:5)
  A hound skeleton (D:4)
  Robin (D:2)
  8 adders
  8 oozes (Sewer)
  A worm (D:4)
  An adder skeleton (D:3)
  5 dart slugs
  10 giant geckos
  13 orcs
  11 giant cockroaches
  6 hobgoblins
  6 jackals (D:4)
  5 kobolds
  3 quokkas
  11 ball pythons
  8 bats
  15 giant newts
  18 goblins
  A quokka zombie (D:5)
  8 rats
152 creatures vanquished.

Notes
Turn   | Place    | Note
--------------------------------------------------------------
     0 | D:1      | mrath the Minotaur Fighter began the quest for the Orb.
     0 | D:1      | Reached XP level 1. HP: 19/19 MP: 0/0
    14 | D:1      | Reached skill level 3 in Maces & Flails
    23 | D:1      | Reached XP level 2. HP: 24/26 MP: 1/1
   490 | D:1      | Reached skill level 4 in Maces & Flails
   702 | D:1      | Reached XP level 3. HP: 31/31 MP: 2/2
   990 | D:2      | Noticed Terence
  1002 | D:2      | Killed Terence
  1002 | D:2      | Reached skill level 5 in Maces & Flails
  1368 | D:2      | Reached XP level 4. HP: 30/39 MP: 3/3
  1435 | D:2      | Noticed Robin
  1745 | D:2      | Killed Robin
  1785 | D:2      | Reached skill level 6 in Maces & Flails
  2252 | D:3      | Found a bloodstained altar of Trog.
  2266 | D:3      | Found a radiant altar of Vehumet.
  2269 | D:3      | Found a white marble altar of Elyvilon.
  2272 | D:3      | Found a sacrificial altar of Ru.
  2350 | D:3      | Found a glowing drain.
  2357 | Sewer    | Entered a sewer
  2397 | Sewer    | Reached XP level 5. HP: 40/46 MP: 4/4
  2560 | Sewer    | Reached skill level 1 in Dodging
  2745 | Sewer    | Reached XP level 6. HP: 35/52 MP: 5/5
  2750 | Sewer    | Reached skill level 1 in Evocations
  3275 | D:3      | Found a stormy altar of Qazlal.
  4057 | D:4      | Noticed Hilldric's ghost (novice HOFi)
  4463 | D:4      | Reached XP level 7. HP: 55/59 MP: 7/7
  4653 | D:4      | Found a glowing golden altar of the Shining One.
  4772 | D:5      | Entered Level 5 of the Dungeon
  4788 | D:4      | Reached skill level 5 in Shields
  4799 | D:5      | Reached skill level 5 in Armour
  4805 | D:5      | Found a burning altar of Makhleb.
  4848 | D:5      | Reached skill level 7 in Maces & Flails
  4850 | D:5      | Noticed Grinder
  4871 | D:4      | Paralysed by Grinder for 5 turns
  4882 | D:4      | Paralysed by Grinder for 4 turns
  4904 | D:4      | HP: 3/60 [Grinder (5)]
  4921 | D:4      | Killed from afar by Grinder

Vault maps used:
D:1:      sevenhm_arrival_forest_fort_small_6
D:2:      uniq_terence, uniq_robin
D:3:      grunt_qazlal_clouds, grunt_temple_overflow_cloverleaf, first_bread,
          lightli_sewer_entry_pipes
D:4:      old_standard_altar, minmay_quantized
D:5:      makhleb_heckhound_becter, uniq_grinder
Sewer:    sewer_frog_island_02

Skill      XL: |  1  2  3  4  5  6  7 |
---------------+----------------------+-----
Maces & Flails | 3 4 5 6 7 |  7.0
Dodging        | 1 2 3 |  3.1
Shields        | 4 5 |  5.1
Armour         | 4 5 |  5.1
Fighting       | 4 |  4.8
Evocations     | 1 2 |  2.1

Action                   |  1- 3 |  4- 6 |  7- 9 || total
-------------------------+-------+-------+-------++-------
Melee: Flail             |    73 |   289 |    61 ||   423
  Use: Potion            |     1 |       |       ||     1
       Scroll            |       |     3 |     1 ||     4
  Eat: Chunk             |     1 |    11 |     1 ||    13
